 Dungeon Crawl Stone Soup version 0.21.1-1-g345015f (webtiles) character file.

10047 Fang the Cleaver (level 11, -4/72 HPs)
             Began as a Gargoyle Berserker on June 20, 2018.
             Was a High Priest of Trog.
             Slain by an unseen horror (6 damage)
             ... on level 10 of the Dungeon.
             The game lasted 00:14:00 (10564 turns).

Fang the Cleaver (Gargoyle Berserker)              Turns: 10564, Time: 00:14:00

Health: -4/72      AC: 22    Str: 23    XL:     11   Next: 56%
Magic:  3/3        EV: 13    Int:  9    God:    Trog [*****.]
Gold:   607        SH:  0    Dex:  9    Spells: 10/10 levels left

rFire    . . .     SeeInvis .   G - +4 hand axe (antimagic)
rCold    + . .     Gourm    .   (no shield)
rNeg     + + .     Faith    .   z - +2 ring mail {rN+}
rPois    ∞         Spirit   .   (no helmet)
rElec    +         Reflect  .   B - +2 cloak
rCorr    .         Harm     +   (no gloves)
MR       +....                  i - +1 pair of boots
Stlth    +.........             v - amulet of harm
HPRegen  0.22/turn              m - ring of protection from cold
MPRegen  0.08/turn              b - ring of protection from magic

@: studying Staves
A: negative energy resistance 1, electricity resistance, unbreathing,
petrification resistance, rot immunity, AC +8
a: Berserk, Trog's Hand, Brothers in Arms, Burn Spellbooks, Renounce Religion


You were on level 10 of the Dungeon.
You worshipped Trog.
Trog was extremely pleased with you.
You were not hungry.

You visited 1 branch of the dungeon, and saw 10 of its levels.

You collected 607 gold pieces.

Inventory:

Hand Weapons
 a - a +2 hand axe
 s - a +3 hand axe of chopping
 G - a +4 antimagic hand axe (weapon)
Armour
 h - a +1 plate armour
 i - a +1 pair of boots (worn)
 z - a +2 ring mail of positive energy (worn)
 B - a +2 cloak (worn)
Jewellery
 b - a ring of protection from magic (right hand)
 m - a ring of protection from cold (left hand)
 v - an amulet of harm (around neck)
 J - an uncursed ring of ice
 K - an uncursed ring of resist corrosion {unknown}
Wands
 t - a wand of digging (17)
 x - a wand of flame (46)
 I - a wand of iceblast (7)
Scrolls
 d - 2 scrolls of remove curse
 e - a scroll of magic mapping
 f - 2 scrolls of enchant armour
 q - 5 scrolls of blinking
 y - a scroll of fear
 D - 3 scrolls of identify
 F - a scroll of teleportation
Potions
 g - a potion of haste
 j - 3 potions of brilliance
 k - 2 potions of ambrosia
 l - 4 potions of curing
 n - 2 potions of lignification
 o - a potion of might
 p - 3 potions of heal wounds
 r - a potion of cancellation
 u - a potion of resistance
 w - a potion of agility
 A - a potion of flight
Books
 C - a manual of Staves
 E - a book of Cantrips

   Spells                             Type                      Level
   a - Confusing Touch                Hexes                        1
   b - Animate Skeleton               Necromancy                   1
   c - Summon Small Mammal            Summoning                    1
   d - Apportation                    Translocation                1
   Trog disapproves of the use of such an item.
Comestibles
 c - 15 rations


   Skills:
 + Level 9.7 Fighting
 + Level 11.6 Axes
 + Level 8.6 Armour
 + Level 4.6 Dodging
 + Level 3.4 Stealth


You had 10 spell levels left.
You didn't know any spells.

Dungeon Overview and Level Annotations

Branches:
Dungeon (10/15)            Temple (0/1) D:7            Lair (0/6) D:9
    Orc (0/2) D:10

Altars:
Cheibriados
Dithmenos
Hepliaklqana
Nemelex Xobeh
Sif Muna
Trog
Xom
The Shining One


Innate Abilities, Weirdness & Mutations

You are resistant to torment.
Your stone body is resilient. (AC +8)
You are immune to poison.
You resist negative energy. (rN+)
You are resistant to electric shocks. (rElec)
You can survive without breathing.
You are immune to petrification.
You are immune to rotting.


Message History

You open the door. Something hits you but does no damage.
Something barely misses you. Something hits you but does no damage.
There is an open door here.
Something hits you!
* * * LOW HITPOINT WARNING * * *
Something hits you.
* * * LOW HITPOINT WARNING * * *
Something is blocking the doorway!
Something hits you but does no damage. Something hits you but does no damage.
There is an open door here.
Something hits you but does no damage. Something hits you.
* * * LOW HITPOINT WARNING * * *
Something hits you but does no damage. Something hits you.
* * * LOW HITPOINT WARNING * * *
Something hits you!
* * * LOW HITPOINT WARNING * * *
Something hits you.
You die...

#......#..........#
###.................#
....................#
....................#
..........######'######
......................#
......................#
).....................#
.....###.#......@.....#
.....###.#............#
.........#............#
........##............#
........##............+
?.......##............#
........##............#
........##............#
........##............#


There were no monsters in sight!

Vanquished Creatures
  Gastronok (D:10)
  Fannar (D:10)
  A two-headed ogre (D:9)
  Maurice (D:10)
  A centaur skeleton (D:10)
  The ghost of Fang the Chopper, a novice GrBe of Trog (D:5)
  A hornet (D:8)
  Grinder (D:6)
  2 hippogriffs
  A vampire (D:10)
  6 yaks (D:9)
  A hungry ghost (D:8)
  Menkaure (D:6)
  A soldier ant (D:9)
  2 water moccasins
  3 orc warriors
  An ice beast (D:8)
  3 sky beasts
  11 ogres
  3 centaurs
  A big kobold (D:6)
  3 bullfrogs
  2 wyvern skeletons
  A scorpion (D:7)
  8 howler monkeys
  3 electric eels (D:10)
  2 crimson imps
  A centaur zombie (D:9)
  8 orc wizards
  A bullfrog skeleton (D:8)
  3 hounds
  3 jellies
  6 orc priests
  5 iguanas
  10 worker ants
  A howler monkey skeleton (D:6)
  11 adders
  3 shadow imps
  An ooze (D:2)
  2 adder zombies
  3 worms
  A dart slug (D:1)
  4 leopard geckos
  34 orcs
  A ball python (D:3)
  13 bats
  5 giant cockroaches
  11 goblins
  5 hobgoblins
  13 jackals
  8 quokkas
  7 frilled lizards
  A jackal skeleton (D:5)
  12 kobolds
  15 rats
251 creatures vanquished.

Vanquished Creatures (others)
  An orc (D:10)
1 creature vanquished.

Grand Total: 252 creatures vanquished

Notes
Turn   | Place    | Note
-------+----------+-------------------------------------------
     0 | D:1      | Fang the Gargoyle Berserker began the quest for the Orb.
     0 | D:1      | Reached XP level 1. HP: 14/14 MP: 1/1
   127 | D:1      | Reached XP level 2. HP: 13/19 MP: 2/2
   257 | D:1      | Reached skill level 3 in Axes
   567 | D:1      | Reached XP level 3. HP: 24/24 MP: 3/3
   679 | D:1      | Reached ** piety under Trog
   955 | D:2      | Reached XP level 4. HP: 19/29 MP: 4/4
  1580 | D:3      | Reached skill level 4 in Axes
  1849 | D:3      | Reached XP level 5. HP: 32/33 MP: 5/5
  2086 | D:3      | Reached *** piety under Trog
  2330 | D:3      | Reached XP level 6. HP: 38/38 MP: 6/6
  2563 | D:3      | Found a snail-covered altar of Cheibriados.
  2688 | D:4      | Reached skill level 5 in Axes
  3060 | D:4      | Noticed a moth of wrath
  3063 | D:4      | Found a bloodstained altar of Trog.
  3558 | D:4      | Found a glowing golden altar of the Shining One.
  3670 | D:5      | Entered Level 5 of the Dungeon
  3670 | D:5      | Noticed Fang's ghost (novice GrBe)
  3705 | D:5      | Killed Fang's ghost
  3705 | D:5      | Reached skill level 5 in Fighting
  3705 | D:5      | Reached skill level 6 in Axes
  3705 | D:5      | Reached XP level 7. HP: 44/44 MP: 7/7
  3814 | D:5      | Reached skill level 1 in Stealth
  3814 | D:5      | Reached XP level 8. HP: 51/51 MP: 8/8
  4056 | D:5      | Reached skill level 7 in Axes
  4351 | D:5      | Found a sparkling altar of Nemelex Xobeh.
  4587 | D:6      | Noticed Grinder
  4603 | D:6      | Killed Grinder
  4603 | D:6      | Reached skill level 5 in Armour
  4902 | D:6      | Found a deep blue altar of Sif Muna.
  4933 | D:6      | Reached **** piety under Trog
  4997 | D:6      | Found a shadowy altar of Dithmenos.
  5020 | D:6      | Noticed Menkaure
  5029 | D:6      | Killed Menkaure
  5029 | D:6      | Reached XP level 9. HP: 56/56 MP: 9/9
  5032 | D:6      | Reached skill level 8 in Axes
  5297 | D:6      | Found a hazy altar of Hepliaklqana.
  5298 | D:6      | Found a shimmering altar of Xom.
  5299 | D:6      | Noticed a spectral ugly thing
  5325 | D:7      | Found a shimmering altar of Xom.
  5371 | D:7      | Found a staircase to the Ecumenical Temple.
  5410 | D:7      | Found a sparkling altar of Nemelex Xobeh.
  6016 | D:8      | Noticed a hornet
  6279 | D:8      | Reached skill level 9 in Axes
  6312 | D:8      | Reached XP level 10. HP: 24/64 MP: 10/10
  6850 | D:8      | Reached ***** piety under Trog
  7820 | D:9      | Reached skill level 10 in Axes
  7850 | D:9      | Noticed a two-headed ogre
  7861 | D:9      | Killed a two-headed ogre
  8331 | D:9      | Found a staircase to the Lair.
  8348 | D:9      | Reached XP level 11. HP: 71/71 MP: 11/11
  8740 | D:10     | Entered Level 10 of the Dungeon
  8753 | D:10     | Found a staircase to the Orcish Mines.
  8803 | D:10     | Noticed Gastronok
  8823 | D:10     | Killed Gastronok
  8823 | D:10     | Reached skill level 11 in Axes
  8972 | D:10     | Received a gift from Trog
  9029 | D:10     | Noticed Maurice
  9321 | D:10     | Killed Maurice
  9587 | D:10     | Noticed Fannar
  9610 | D:10     | Killed Fannar
 10563 | D:10     | HP: 2/72 [something (9)]
 10564 | D:10     | Slain by an unseen horror

Skill      XL: |  1  2  3  4  5  6  7  8  9 10 11 |
---------------+----------------------------------+-----
Axes           | 3 4 6 7 9 10 11 | 11.6
Dodging        | 2 3 4 |  4.6
Fighting       | 4 5 6 7 9 |  9.7
Armour         | 3 4 5 7 8 |  8.6
Stealth        | 1 2 3 |  3.4

Action                   |  1- 3 |  4- 6 |  7- 9 | 10-12 || total
-------------------------+-------+-------+-------+-------++-------
Melee: Hand axe          |   140 |   307 |   283 |   335 ||  1065
Invok: Berserk           |     1 |     3 |     8 |     6 ||    18
       Trog's Hand       |       |     2 |       |       ||     2
  Use: Scroll            |       |     9 |    16 |     1 ||    26
       Potion            |       |       |     2 |       ||     2
 Stab: Sleeping          |       |       |       |     1 ||     1
  Eat: Chunk             |       |     9 |     5 |    12 ||    26
       Ration            |       |     1 |     4 |     3 ||     8
Armor: Animal skin       |    25 |       |       |       ||    25
       Plate armour      |   117 |   256 |   120 |       ||   493
       Ring mail         |       |       |    71 |   322 ||   393
       Skin              |       |       |     4 |       ||     4
Dodge: Dodged            |    69 |   101 |   142 |   148 ||   460
